AoeStats
← Darking COL

Arena

504638456Analyzed
4v4 RM · 27d ago on Sep 6, 2026· 10m 15s· 8 players
Game mode
Random Map
Map size
Large (8 player)
Population
200
Speed
Normal
Resources
Standard
Victory
Conquest
Starting age
Dark Age
Ending age
Imperial Age
RankedLock teamsTeams togetherTeam positionsShared explorationLock speedFull tech treeHidden civsTurbo modeCheats
Victory
Defeat
🇦🇷 Turks · Argentina
1115
+14
🇺🇸 Goths · United States
1111
+15
🇳🇴 Huns · Norway
1040
+18
🇧🇷 Jurchens · Brazil
1005
+58
🇨🇴 Wei · Colombia
1111
-18
🇨🇴 Vietnamese · Colombia
1106
-18
🇺🇸 Hindustanis · United States
1103
-18
🇨🇴 Byzantines · Colombia
985
-13
acme.xo
11:37 Feudal Age
Moraletti
11:06 Feudal Age
Darking COL
10:40 Feudal Age
jairohs17
10:35 Feudal Age
eWicked
11:38 Feudal Age
9:55 Loom
DKT | Toruk Makto
4:53 Loom
11:42 Feudal Age
nsimeone11
10:47 Feudal Age
Tinchoo13
5:14 Loom
10:23 Feudal Age
Connection lost

Rejoining the realm…

Still unreachable

The connection could not be restored.

Session expired

The server has moved on; the page needs a fresh start.